[Event "Titled Tuesday Blitz May 9 Late 2023"]
[White "Rios Escobar, Adan"]
[Black "Kim, Sergey"]
[WhiteFideId "3403645"]
[BlackFideId "13700570"]
[WhiteElo "2437"]
[BlackElo "2602"]
[Result "0-1"]
[Round "03"]
[TimeControl "180+2"]
[Date "2023.05.09"]
[WhiteClock "0:00:00"]
[BlackClock "0:00:19"]

1. d4 Nf6 2. g3 g6 3. Bg2 Bg7 4. e4 d6 5. Ne2 O-O 6. O-O c6 7. a4 a5 8. Nbc3 Qc7 9. h3 e5 10. Be3 Na6 11. g4 Nb4 12. Ng3 Be6 13. b3 Rad8 14. g5 Nd7 15. Rc1 d5 16. exd5 cxd5 17. Nb5 Qb8 18. c3 Nc6 19. Qd2 exd4 20. cxd4 Rc8 21. Bf4 Qa8 22. Ne2 Nb4 23. Nd6 Rc6 24. Rc3 Qa6 25. Nb5 Rfc8 26. Rfc1 Qb6 27. h4 Bf8 28. Bf3 Rxc3 29. Rxc3 Nc6 30. Rc1 Ne7 31. Kg2 Rc6 32. h5 Nf5 33. hxg6 hxg6 34. Bg4 Rxc1 35. Qxc1 Nxd4 36. Nexd4 Bxg4 37. Qe3 Be6 38. Qg3 Bg7 39. Bd6 Bxd4 40. Nxd4 Qxd4 0-1


[Site "https://www.chess.com"]

[Event "Titled Tuesday Blitz May 9 Late 2023"]
[White "Aggelis, Nikolaos"]
[Black "Fernandez Lopez, Ruben"]
[WhiteFideId "4213220"]
[BlackFideId "24518298"]
[WhiteElo "2189"]
[BlackElo "2240"]
[Result "0-1"]
[Round "03"]
[TimeControl "180+2"]
[Date "2023.05.09"]
[WhiteClock "0:01:08"]
[BlackClock "0:02:35"]

1. c4 c6 2. e4 e5 3. Nf3 d6 4. d4 exd4 5. Nxd4 Nf6 6. f3 Be7 7. Nc3 O-O 8. Be3 Re8 9. Be2 d5 10. cxd5 cxd5 11. exd5 Nxd5 12. Nxd5 Qxd5 13. O-O Bc5 14. Bf2 Bxd4 15. Kh1 Nc6 16. Qd2 Bf5 17. Rad1 Rad8 18. Qf4 Rxe2 19. Bxd4 Nxd4 0-1


[Site "https://www.chess.com"]

[Event "Titled Tuesday Blitz May 9 Late 2023"]
[White "Ismagilov, Damir"]
[Black "Papayan, Oleg"]
[WhiteFideId "34199982"]
[BlackFideId "4193911"]
[WhiteElo "2143"]
[BlackElo "2171"]
[Result "1-0"]
[Round "03"]
[TimeControl "180+2"]
[Date "2023.05.09"]
[WhiteClock "0:00:30"]
[BlackClock "0:00:00"]

1. f4 d5 2. Nf3 Nc6 3. e3 Bg4 4. b3 e5 5. fxe5 Nxe5 6. Be2 Nxf3+ 7. Bxf3 Qh4+ 8. g3 Qf6 9. Bxg4 Qxa1 10. Nc3 Nf6 11. O-O Bb4 12. Rxf6 gxf6 13. Nxd5 Bd6 14. c3 Qb1 15. Nxf6+ Kd8 16. d3 Qxa2 17. e4 Qa5 18. Nd5 c6 19. Bg5+ Ke8 20. Nf6+ Kf8 21. Qd2 Re8 22. Nd7+ Kg8 23. Bf6 h5 24. Bf5 Bc5+ 25. Kg2 1-0


[Site "https://www.chess.com"]

[Event "Titled Tuesday Blitz May 9 Late 2023"]
[White "Villuendas Valero, Adrian"]
[Black "ATM622"]
[WhiteFideId "2262460"]
[WhiteElo "2328"]
[BlackElo "2579"]
[Result "1/2-1/2"]
[Round "03"]
[TimeControl "180+2"]
[Date "2023.05.09"]
[WhiteClock "0:00:20"]
[BlackClock "0:01:20"]

1. d4 Nf6 2. Bg5 d5 3. Bxf6 exf6 4. e3 c6 5. g3 h5 6. h4 Bg4 7. Qd3 Qb6 8. b3 Nd7 9. Bg2 Bd6 10. Ne2 O-O 11. O-O Rfe8 12. Nbc3 Rad8 13. Rfe1 a5 14. Na4 Qc7 15. c4 dxc4 16. bxc4 Bb4 17. Rec1 Ne5 18. Qc2 Nf3+ 19. Kh1 c5 20. d5 b5 21. Nb2 bxc4 22. Nxc4 Rxd5 23. Ng1 Bf5 24. Qa4 Bd7 25. Qc2 Bf5 26. Qa4 Bd7 27. Qc2 Bf5 1/2-1/2


[Site "https://www.chess.com"]

[Event "Titled Tuesday Blitz May 9 Late 2023"]
[White "Nikologorskiy, Konstantin"]
[Black "ElenGajger"]
[WhiteFideId "24111708"]
[WhiteElo "2273"]
[BlackElo "2420"]
[Result "1-0"]
[Round "03"]
[TimeControl "180+2"]
[Date "2023.05.09"]
[WhiteClock "0:00:08"]
[BlackClock "0:00:00"]

1. d4 Nf6 2. c4 g6 3. Nf3 Bg7 4. Nc3 d5 5. h4 dxc4 6. e4 c5 7. d5 b5 8. h5 Nxh5 9. Nxb5 Ba6 10. Nc3 Nd7 11. Bg5 Qb8 12. Qc2 Nf4 13. Bxf4 Qxf4 14. Be2 Rb8 15. O-O O-O 16. Rab1 Ne5 17. Nxe5 Bxe5 18. g3 Qg5 19. Kg2 Qf6 20. Na4 Bd4 21. Bxc4 Bxc4 22. Qxc4 Rb4 23. Qc2 c4 24. a3 Rb3 25. Nc3 Rfb8 26. Rfd1 Bxc3 27. bxc3 Rxb1 28. Rxb1 Rxb1 29. Qxb1 Qxc3 30. Qb8+ Kg7 31. e5 Qd4 32. d6 exd6 33. exd6 c3 34. Qc7 Qe4+ 35. Kh2 c2 36. d7 Qd4 37. d8=Q Qxd8 38. Qxd8 c1=Q 39. Qd4+ Kg8 40. Qxa7 Qd2 41. Qe3 1-0


[Site "https://www.chess.com"]

[Event "Titled Tuesday Blitz May 9 Late 2023"]
[White "cryptoguru02"]
[Black "Pein, Jonathan"]
[BlackFideId "417092"]
[WhiteElo "2579"]
[BlackElo "2151"]
[Result "1-0"]
[Round "03"]
[TimeControl "180+2"]
[Date "2023.05.09"]
[WhiteClock "0:00:10"]
[BlackClock "0:00:00"]

1. d4 d6 2. e4 Nf6 3. Nc3 e5 4. Nf3 exd4 5. Nxd4 g6 6. Bc4 Bg7 7. O-O O-O 8. Bb3 Nbd7 9. Bg5 h6 10. Bh4 Nc5 11. Re1 g5 12. Bg3 Nxb3 13. axb3 Re8 14. h3 a6 15. Qf3 Ng4 16. hxg4 Bxd4 17. Rad1 Bxc3 18. bxc3 Qd7 19. Qf6 Re6 20. Qd4 Rg6 21. f3 Qe7 22. e5 dxe5 23. Qxe5 Be6 24. Qxc7 Qxc7 25. Bxc7 Kf8 26. Bd6+ Ke8 27. c4 Rd8 28. Be5 Rxd1 29. Rxd1 f5 30. Rd4 fxg4 31. fxg4 Bd7 32. c5 Re6 33. Bd6 Re2 34. c3 Bc6 35. g3 Rg2+ 36. Kf1 Rc2 37. Rd3 Bb5 38. c4 Bc6 39. Re3+ Kd8 40. Bf8 Rb2 41. Bxh6 a5 42. Bxg5+ Kd7 43. Bf4 a4 44. bxa4 Bxa4 45. g5 Bb3 46. Rc3 Ba2 47. g6 Rb4 48. g7 1-0


[Site "https://www.chess.com"]

[Event "Titled Tuesday Blitz May 9 Late 2023"]
[White "Olsson, William"]
[Black "HamedWafa4"]
[WhiteFideId "1741721"]
[WhiteElo "2197"]
[BlackElo "2577"]
[Result "0-1"]
[Round "03"]
[TimeControl "180+2"]
[Date "2023.05.09"]
[WhiteClock "0:00:13"]
[BlackClock "0:01:21"]

1. c4 e6 2. Nf3 f5 3. g3 b6 4. Bg2 Bb7 5. O-O Nf6 6. Nc3 Bb4 7. d3 Bxc3 8. bxc3 O-O 9. Qc2 d6 10. Rb1 Nbd7 11. Ba3 Qe7 12. Rfe1 e5 13. Qd2 Kh8 14. Rb5 a6 15. Rbb1 Rae8 16. Bb4 a5 17. Ba3 f4 18. gxf4 Nh5 19. fxe5 Nxe5 20. Nxe5 Bxg2 21. Ng6+ hxg6 22. Kxg2 Rxf2+ 23. Kxf2 Qh4+ 24. Kg1 Qg4+ 25. Kh1 Ng3+ 26. hxg3 Qh3+ 27. Kg1 Qxg3+ 28. Kh1 Re5 29. Rb5 c5 0-1


[Site "https://www.chess.com"]

[Event "Titled Tuesday Blitz May 9 Late 2023"]
[White "Mortazavi, Ali"]
[Black "Colpe, Malte"]
[WhiteFideId "401323"]
[BlackFideId "24623075"]
[WhiteElo "2339"]
[BlackElo "2289"]
[Result "1-0"]
[Round "03"]
[TimeControl "180+2"]
[Date "2023.05.09"]
[WhiteClock "0:01:26"]
[BlackClock "0:01:41"]

1. Nf3 Nf6 2. g3 b6 3. Bg2 Bb7 4. O-O g6 5. d3 Bg7 6. e4 O-O 7. a4 a6 8. Nc3 d5 9. e5 Nfd7 10. e6 fxe6 11. Re1 Nc5 12. d4 Ne4 13. Bf4 Nd7 14. Nxe4 dxe4 15. Ng5 e5 16. Ne6 Qc8 17. Nxf8 exf4 18. Nxd7 f3 19. Bh3 Bc6 20. Nf6+ exf6 21. Bxc8 1-0


[Site "https://www.chess.com"]

[Event "Titled Tuesday Blitz May 9 Late 2023"]
[White "Janaszak, Dawid"]
[Black "Tworuszka, Michal"]
[WhiteFideId "1119206"]
[BlackFideId "1117858"]
[WhiteElo "2220"]
[BlackElo "2416"]
[Result "0-1"]
[Round "03"]
[TimeControl "180+2"]
[Date "2023.05.09"]
[WhiteClock "0:00:00"]
[BlackClock "0:00:17"]

1. e4 e5 2. Nf3 Nc6 3. d4 exd4 4. Nxd4 Bc5 5. Nb3 Bb6 6. Nc3 Nf6 7. Bg5 h6 8. Bh4 d6 9. Qe2 g5 10. Bg3 Qe7 11. O-O-O Be6 12. Nd5 Bxd5 13. exd5 Qxe2 14. Bxe2 Nb4 15. a3 Nbxd5 16. Bf3 Nf4 17. Bxb7 Rb8 18. Bc6+ Kf8 19. Rhe1 Kg7 20. f3 Nxg2 21. Re7 Ne3 22. Re1 Nf5 23. R7e2 Nxg3 24. hxg3 Nh5 25. g4 Nf4 26. Re7 Ng6 27. R7e2 Ne5 28. Be4 h5 29. gxh5 Rxh5 30. Nd2 Rbh8 31. Rg2 Kf6 32. Nf1 Rh1 33. Kd1 Nc4 34. b3 Rxf1 35. bxc4 Rxe1+ 36. Kxe1 Rh1+ 37. Ke2 Ra1 38. Bd3 Rxa3 39. Rh2 a5 40. Rh6+ Ke7 41. Rh5 a4 42. Rxg5 Ra1 43. Kd2 a3 44. Kc3 Rb1 45. c5 a2 46. cxd6+ cxd6 0-1


[Site "https://www.chess.com"]

[Event "Titled Tuesday Blitz May 9 Late 2023"]
[White "Vlassov, Nikolai"]
[Black "ArchibaldCerveza29"]
[WhiteFideId "4103360"]
[WhiteElo "2324"]
[BlackElo "2412"]
[Result "1-0"]
[Round "03"]
[TimeControl "180+2"]
[Date "2023.05.09"]
[WhiteClock "0:00:05"]
[BlackClock "0:00:00"]

1. e4 e5 2. Bc4 Nf6 3. d3 Bc5 4. Nf3 d6 5. Bg5 h6 6. Bh4 g5 7. Bg3 Nc6 8. Nfd2 a6 9. h4 g4 10. h5 Be6 11. Bh4 Rg8 12. Nc3 b5 13. Bb3 Nd4 14. Ne2 Bxb3 15. Nxb3 Nxb3 16. axb3 Qe7 17. Ng3 Qe6 18. Qd2 Rh8 19. Nf5 Kf8 20. Nxh6 Nxe4 21. dxe4 Rxh6 22. Bg5 Rh7 23. O-O-O a5 24. Be3 Bb4 25. Qd5 Qxd5 26. Rxd5 c6 27. Rdd1 a4 28. c3 Ba5 29. Rxd6 axb3 30. Rxc6 Bd8 31. Kd2 Ra2 32. Bc5+ Ke8 33. Ba3 Be7 34. Bxe7 Kxe7 35. Ke3 Rxb2 36. Rc5 Rc2 37. Rxe5+ Kd6 38. Rxb5 Rxc3+ 39. Kf4 1-0


[Site "https://www.chess.com"]

[Event "Titled Tuesday Blitz May 9 Late 2023"]
[White "Balla, Tamas-Kristof"]
[Black "Adewumi, Tanitoluwa"]
[WhiteFideId "1208497"]
[BlackFideId "30966396"]
[WhiteElo "2334"]
[BlackElo "2570"]
[Result "1-0"]
[Round "03"]
[TimeControl "180+2"]
[Date "2023.05.09"]
[WhiteClock "0:01:18"]
[BlackClock "0:00:00"]

1. f4 d5 2. b3 Nf6 3. Bb2 g6 4. Nf3 Bg7 5. g3 O-O 6. Bg2 c5 7. e3 Nc6 8. O-O Re8 9. Qe2 Bg4 10. h3 Bxf3 11. Qxf3 e5 12. f5 e4 13. Qf2 Ng4 14. hxg4 Bxb2 15. fxg6 fxg6 16. Qf7+ Kh8 17. Nc3 Bxa1 18. Rxa1 Ne5 19. Qxb7 Rb8 20. Qxd5 Qxd5 21. Nxd5 Rbd8 22. Bxe4 Nxg4 23. Bg2 Kg7 24. c4 Ne5 25. d4 cxd4 26. exd4 Ng4 27. Bf3 Ne3 28. Kf2 1-0


[Site "https://www.chess.com"]

[Event "Titled Tuesday Blitz May 9 Late 2023"]
[White "Hnydiuk, Aleksander"]
[Black "Gasparyan, David"]
[WhiteFideId "1109057"]
[BlackFideId "13311980"]
[WhiteElo "2374"]
[BlackElo "2407"]
[Result "1-0"]
[Round "03"]
[TimeControl "180+2"]
[Date "2023.05.09"]
[WhiteClock "0:00:08"]
[BlackClock "0:00:16"]

1. e4 e5 2. Nf3 Nc6 3. d4 exd4 4. Nxd4 Bc5 5. Nxc6 bxc6 6. Bd3 d6 7. O-O Qf6 8. Nc3 Ne7 9. Na4 Bb6 10. Nxb6 axb6 11. f4 h5 12. Qe1 Be6 13. Bd2 Qd4+ 14. Kh1 f6 15. Bc3 Qa4 16. b3 Qa7 17. Qg3 Rg8 18. e5 O-O-O 19. exf6 gxf6 20. Qe3 Bd5 21. Rf2 Rde8 22. Bxf6 Ng6 23. Qh3+ Kb7 24. c4 Nxf4 25. Rxf4 Bxg2+ 26. Qxg2 Rxg2 27. Kxg2 Qa5 28. Rf2 Rg8+ 29. Kh1 h4 30. Rg1 Rxg1+ 31. Kxg1 Qe1+ 32. Bf1 Qe3 33. Bxh4 d5 34. cxd5 cxd5 35. Bg3 d4 36. Kg2 Qe4+ 37. Rf3 b5 38. Bd3 Qd5 39. h4 c6 40. h5 Qxh5 41. Rf4 Qd5+ 42. Be4 Qc5 43. Rf6 d3 44. Rxc6 Qe3 45. Re6+ Kc8 46. Re8+ Kd7 47. Bc6+ Kxc6 48. Rxe3 d2 49. Rd3 d1=Q 50. Rxd1 Kc5 51. Bf2+ Kb4 52. Rd4+ Ka3 53. b4 Ka4 54. Kf3 Ka3 55. Ke4 Ka4 56. Kd5 Ka3 57. Kc5 Ka4 58. Kc6 Ka3 59. Kxb5 Kb2 60. Rc4 Ka3 61. Kc5 Kb2 62. b5 Ka3 63. b6 Kb2 64. a4 Ka3 65. a5 Kb2 66. a6 Ka3 67. a7 Kb2 68. b7 Ka1 69. a8=Q+ Kb1 70. b8=Q# 1-0


[Site "https://www.chess.com"]

[Event "Titled Tuesday Blitz May 9 Late 2023"]
[White "Bruedigam, Martin"]
[Black "K2JW"]
[WhiteFideId "24608033"]
[WhiteElo "2331"]
[BlackElo "2404"]
[Result "1-0"]
[Round "03"]
[TimeControl "180+2"]
[Date "2023.05.09"]
[WhiteClock "0:00:17"]
[BlackClock "0:00:02"]

1. d4 Nf6 2. c4 e6 3. Nc3 d5 4. cxd5 exd5 5. Bg5 Be7 6. e3 c6 7. Bd3 Nbd7 8. Qc2 h6 9. Bh4 Nh5 10. Bxe7 Qxe7 11. Nge2 Nb6 12. O-O O-O 13. a3 a5 14. Na4 Nxa4 15. Qxa4 Bd7 16. Qc2 Nf6 17. Rab1 Qd6 18. h3 Rfe8 19. Nc3 Qe7 20. b4 axb4 21. axb4 Ne4 22. b5 Ra3 23. Nxe4 dxe4 24. Be2 Qg5 25. Kh1 Rea8 26. bxc6 Bxc6 27. Rfc1 Ra2 28. Rb2 R2a3 29. Rcb1 Qf6 30. Kg1 R3a5 31. Bb5 Bd5 32. Qc7 Ra2 33. Rxa2 Rxa2 34. Rf1 Rb2 35. Ba4 b5 36. Qc3 Ra2 37. Bxb5 Kh7 38. Qc5 Qe6 39. Rb1 Qf5 40. Rf1 Qe6 41. Qc3 Ra8 42. Be2 Rc8 43. Qd2 Qc6 44. Rb1 Qg6 45. Bf1 Be6 46. g3 Bd5 47. h4 Rc6 48. Bg2 Rf6 49. Rb5 Qf5 50. Qc2 Qe6 51. Rc5 g6 52. Rc7 Bb3 53. Qxe4 Qd6 54. Qb7 Be6 55. Rc5 Bd7 56. Rd5 Qa3 57. Rxd7 Qc1+ 58. Bf1 Qd2 59. Rxf7+ Rxf7 60. Qxf7+ Kh8 1-0


[Site "https://www.chess.com"]

[Event "Titled Tuesday Blitz May 9 Late 2023"]
[White "Gatterer, Florian"]
[Black "Atanasov, Anthony"]
[WhiteFideId "811688"]
[BlackFideId "2623897"]
[WhiteElo "2221"]
[BlackElo "2326"]
[Result "0-1"]
[Round "03"]
[TimeControl "180+2"]
[Date "2023.05.09"]
[WhiteClock "0:00:00"]
[BlackClock "0:00:08"]

1. d4 Nf6 2. Nf3 d5 3. g3 Bf5 4. c4 e6 5. Nc3 c6 6. Qb3 Na6 7. c5 b5 8. a4 Qa5 9. Bg2 b4 10. Nb1 Nd7 11. O-O e5 12. e3 Ndxc5 13. dxc5 Nxc5 14. Qd1 Bd6 15. Nbd2 Qa6 16. Nh4 Be6 17. f4 f6 18. Re1 Nd3 19. Bf1 e4 20. Nb3 c5 21. Bxd3 exd3 22. e4 d4 23. e5 fxe5 24. Rxe5 Bxe5 25. Qh5+ Kf8 26. Qxe5 Bxb3 27. Qxc5+ Kg8 28. Qxb4 Qb6 29. Qe7 Bf7 30. Bd2 Qxb2 31. Rd1 Qc2 32. Qe1 Re8 33. Qf1 Bb3 34. Re1 Kf7 0-1


[Site "https://www.chess.com"]

[Event "Titled Tuesday Blitz May 9 Late 2023"]
[White "Ryan, Joseph"]
[Black "Reprintsev, Alexander"]
[WhiteFideId "2500426"]
[BlackFideId "14100541"]
[WhiteElo "2373"]
[BlackElo "2218"]
[Result "1-0"]
[Round "03"]
[TimeControl "180+2"]
[Date "2023.05.09"]
[WhiteClock "0:02:18"]
[BlackClock "0:02:18"]

1. d4 d5 2. Nf3 Nc6 3. Bf4 Bg4 4. e3 e6 5. Be2 Bd6 6. Bg3 f5 7. O-O Qf6 8. c4 Nge7 9. Nc3 f4 10. Bxf4 Bxf4 11. exf4 Qxf4 12. cxd5 exd5 13. Qc1 O-O-O 14. Qxf4 1-0


[Site "https://www.chess.com"]

[Event "Titled Tuesday Blitz May 9 Late 2023"]
[White "Paszewski, Mateusz"]
[Black "Bryant, Todd"]
[WhiteFideId "1141058"]
[BlackFideId "2031299"]
[WhiteElo "2223"]
[BlackElo "2363"]
[Result "1-0"]
[Round "03"]
[TimeControl "180+2"]
[Date "2023.05.09"]
[WhiteClock "0:02:06"]
[BlackClock "0:00:04"]

1. d4 Nf6 2. Nf3 g6 3. Nc3 d5 4. Bf4 Bg7 5. h4 h5 6. e3 O-O 7. Be2 c5 8. Ne5 cxd4 9. exd4 Nc6 10. Qd2 Qa5 11. O-O-O Bf5 12. Kb1 Nb4 13. Bd3 Ne4 14. Bxe4 Bxe4 15. Rc1 Rac8 16. a3 f6 17. axb4 Qxb4 18. Nxe4 Qxd2 19. Nxd2 fxe5 20. Bxe5 Rxf2 21. Bxg7 Kxg7 22. Nf3 Rxg2 23. Rhg1 Rf2 24. Ne5 Kh7 25. Rxg6 Rf4 26. Re6 Rxh4 27. Rxe7+ Kh6 28. Rg1 1-0


[Site "https://www.chess.com"]

[Event "Titled Tuesday Blitz May 9 Late 2023"]
[White "Malicka, Maria"]
[Black "Bayo Milagro, Alvaro"]
[WhiteFideId "1197576"]
[BlackFideId "22275240"]
[WhiteElo "2227"]
[BlackElo "2270"]
[Result "1-0"]
[Round "03"]
[TimeControl "180+2"]
[Date "2023.05.09"]
[WhiteClock "0:00:43"]
[BlackClock "0:00:01"]

1. e4 e5 2. Nf3 Nc6 3. Nc3 Nf6 4. d4 exd4 5. Nxd4 Bb4 6. Nxc6 bxc6 7. Bd3 d5 8. exd5 cxd5 9. O-O O-O 10. Bg5 c6 11. Qf3 Be7 12. h3 h6 13. Bh4 Rb8 14. Rab1 Rb4 15. Bg3 Bd6 16. Ne2 Ne4 17. Bxd6 Qxd6 18. Rfd1 Qb8 19. b3 Re8 20. c3 Rb7 21. Rbc1 Rbe7 22. Nd4 Bd7 23. c4 Ng5 24. Qh5 c5 25. Nf3 Nxf3+ 26. Qxf3 d4 27. Qd5 Qc7 28. a3 a5 29. b4 axb4 30. axb4 Re5 31. Qf3 cxb4 32. Rb1 b3 33. Bf1 Ba4 34. Rxd4 g6 35. Qc3 Qc5 36. Ra1 Bc6 37. Rad1 Rb8 38. Qb2 Kh7 39. R4d3 Ree8 40. Qf6 Qe7 41. Qxe7 Rxe7 42. Rb1 Ba4 43. Rb2 Rc7 44. Rf3 Kg7 45. Bd3 Rd8 46. Kf1 Rcd7 47. Ke2 f5 48. g3 Kf6 49. Re3 Rd4 50. f4 R4d6 51. Kd2 Rd4 52. Kc3 R4d6 53. Rbe2 Bc6 54. Bb1 Rb8 55. Rb2 Be4 56. Bxe4 fxe4 57. Rxb3 Rxb3+ 58. Kxb3 Rd1 59. Kc3 g5 60. fxg5+ hxg5 61. Rxe4 Rh1 62. Re3 Rxh3 63. Kd4 Rh1 64. Kd5 Rd1+ 65. Kc6 Kf5 66. c5 Kg4 67. Kb7 Kh3 68. c6 Rb1+ 69. Kc8 g4 70. c7 Rc1 71. Rd3 Kg2 72. Kd7 1-0


[Site "https://www.chess.com"]

[Event "Titled Tuesday Blitz May 9 Late 2023"]
[White "Bashkansky, Ethan"]
[Black "Erzhanov, Arman"]
[WhiteFideId "2071533"]
[BlackFideId "4138821"]
[WhiteElo "2360"]
[BlackElo "2138"]
[Result "0-1"]
[Round "03"]
[TimeControl "180+2"]
[Date "2023.05.09"]
[WhiteClock "0:00:04"]
[BlackClock "0:01:06"]

1. d4 d6 2. c4 e5 3. dxe5 dxe5 4. Qxd8+ Kxd8 5. Nf3 f6 6. g3 Be6 7. Nbd2 c6 8. Bg2 Nd7 9. O-O Kc7 10. Rd1 a5 11. a4 Nc5 12. Ne1 Ne7 13. Nd3 Nc8 14. Nxc5 Bxc5 15. Ne4 Be7 16. b3 Nb6 17. Bd2 Nd7 18. Bc3 Nc5 19. Nxc5 Bxc5 20. h4 b6 21. Kh2 Rhd8 22. Bh3 Bxh3 23. Kxh3 Bxf2 24. Kg4 g6 25. Rf1 f5+ 26. Kf3 Bd4 27. Rac1 Bxc3 28. Rxc3 Rd2 29. e4 Rad8 30. exf5 gxf5 31. Ke3 Rg2 32. Rxf5 Rxg3+ 33. Rf3 Rxf3+ 34. Kxf3 Rd4 35. Kg3 Kd6 36. h5 h6 37. Rf3 Ke7 38. Re3 Kf6 39. c5 bxc5 40. Rc3 c4 41. bxc4 Kg5 42. Kf2 Kxh5 43. Ke3 Kg4 44. Rc1 h5 45. Rg1+ Kf5 46. Rh1 h4 47. Rf1+ Rf4 48. Rc1 h3 49. c5 Rxa4 50. Rf1+ Kg4 51. Rh1 Ra3+ 52. Ke4 Kg3 53. Kxe5 Rd3 54. Ra1 Rd5+ 55. Ke6 Rxc5 56. Ra3+ Kh4 57. Ra4+ Kg5 58. Ra3 h2 59. Rh3 Rc2 60. Kd6 a4 61. Kc7 a3 62. Rg3+ Kf4 63. Rg8 a2 64. Rf8+ Kg3 65. Rf1 Kg2 66. Rd1 h1=Q 67. Rd6 Qh7+ 68. Kb6 Rb2+ 69. Ka5 Qa7# 0-1


[Site "https://www.chess.com"]

[Event "Titled Tuesday Blitz May 9 Late 2023"]
[White "Chabris, Christopher"]
[Black "brm72"]
[WhiteFideId "2005263"]
[WhiteElo "2356"]
[BlackElo "2550"]
[Result "0-1"]
[Round "03"]
[TimeControl "180+2"]
[Date "2023.05.09"]
[WhiteClock "0:00:00"]
[BlackClock "0:00:04"]

1. e4 c6 2. d4 d5 3. e5 c5 4. c3 Nc6 5. Be2 Bf5 6. Nf3 e6 7. O-O Nh6 8. h3 Bg6 9. a3 Nf5 10. b4 cxd4 11. cxd4 Be7 12. g4 Nh4 13. Nxh4 Bxh4 14. f4 Be4 15. Be3 f5 16. Nc3 O-O 17. g5 h6 18. gxh6 gxh6 19. Kh2 Kh7 20. Rg1 Rg8 21. Qd2 Qd7 22. Bb5 a6 23. Be2 Rxg1 24. Rxg1 Rg8 25. Qd1 Rg7 26. Bh5 Ne7 27. a4 Qc6 28. Rxg7+ Kxg7 29. Qg1+ Kh7 30. Nd1 Qc2+ 31. Nf2 Qc3 32. Nd1 Qc2+ 33. Nf2 Qxa4 34. Qc1 Qc6 35. Qg1 Qc2 36. Qe1 Qc8 37. b5 axb5 38. Qb4 Nc6 39. Qc5 Qc7 40. Qf8 Qg7 41. Qxg7+ Kxg7 42. Nd1 b4 43. Be8 Be1 44. Bd7 Kf7 45. Nb2 Bc3 46. Na4 Ke7 47. Bc8 Na5 48. Nc5 b3 49. Bc1 b2 50. Bxb2 Bxb2 0-1


[Site "https://www.chess.com"]

[Event "Titled Tuesday Blitz May 9 Late 2023"]
[White "Danielyan, Vahe"]
[Black "Al-Saffar, Araz Basim Mohammed S"]
[WhiteFideId "13304828"]
[BlackFideId "4801040"]
[WhiteElo "2423"]
[BlackElo "2304"]
[Result "1-0"]
[Round "03"]
[TimeControl "180+2"]
[Date "2023.05.09"]
[WhiteClock "0:00:51"]
[BlackClock "0:00:06"]

1. c4 Nf6 2. g3 d5 3. cxd5 Nxd5 4. Bg2 c5 5. Nc3 Nc7 6. Nf3 Nc6 7. O-O e5 8. d3 Be7 9. b3 O-O 10. Bb2 f6 11. Rc1 Nd4 12. Nxd4 cxd4 13. Ne4 Nd5 14. Nc5 b6 15. Ne4 Bb7 16. a3 Rc8 17. b4 Rxc1 18. Qxc1 Qd7 19. Qc4 Rc8 20. Qb3 Kf8 21. h4 Bc6 22. Rc1 Rc7 23. Nd2 Bd8 24. Rxc6 Qxc6 25. Bxd5 Qc2 26. Ne4 Qxe2 27. Bc4 Be7 28. b5 h6 29. a4 f5 30. Bg8 Qe1+ 31. Kg2 Bb4 32. Bh7 fxe4 33. Qg8+ Ke7 34. Qxg7+ Kd6 35. Qf6+ Kd7 36. Bf5+ Ke8 37. Qxe5+ Re7 38. Qh8+ Kf7 39. Bxd4 Bc5 40. Qg7+ Ke8 41. Qg8# 1-0


[Site "https://www.chess.com"]

[Event "Titled Tuesday Blitz May 9 Late 2023"]
[White "Itkis, Boris"]
[Black "Sanhueza, Cristian"]
[WhiteFideId "1209167"]
[BlackFideId "116815"]
[WhiteElo "2216"]
[BlackElo "2174"]
[Result "1-0"]
[Round "03"]
[TimeControl "180+2"]
[Date "2023.05.09"]
[WhiteClock "0:01:13"]
[BlackClock "0:00:46"]

1. c4 Nf6 2. Nf3 g6 3. b4 Bg7 4. Bb2 O-O 5. g3 d6 6. Bg2 a5 7. b5 Nbd7 8. O-O e5 9. d3 Re8 10. Nc3 c6 11. a4 d5 12. Nd2 d4 13. Nce4 Nxe4 14. Nxe4 Nf6 15. Ba3 Nxe4 16. Bxe4 f5 17. Bg2 e4 18. Rb1 Bd7 19. Qc2 cxb5 20. axb5 Rc8 21. dxe4 fxe4 22. Bxe4 Rxe4 23. Qxe4 Bf5 24. Qxb7 Bxb1 25. Rxb1 Rxc4 26. b6 d3 27. exd3 Qxd3 28. Qa8+ Kf7 29. Qa7+ Kg8 30. Re1 Re4 31. Qa8+ 1-0


[Site "https://www.chess.com"]

[Event "Titled Tuesday Blitz May 9 Late 2023"]
[White "Defend1r"]
[Black "Fathy, Elameir"]
[BlackFideId "10600396"]
[WhiteElo "2541"]
[BlackElo "2311"]
[Result "1-0"]
[Round "03"]
[TimeControl "180+2"]
[Date "2023.05.09"]
[WhiteClock "0:00:28"]
[BlackClock "0:00:00"]

1. e4 c6 2. d3 d5 3. Nd2 e5 4. Ngf3 Bd6 5. g3 Nf6 6. exd5 cxd5 7. Bg2 O-O 8. O-O Nc6 9. h3 h6 10. Re1 Bf5 11. a3 Re8 12. b4 Rc8 13. Bb2 a6 14. Nf1 d4 15. N3d2 Qd7 16. Nc4 Bc7 17. g4 Be6 18. Ng3 Nd5 19. Bc1 b5 20. Bxd5 Bxd5 21. Nd2 Ne7 22. Nde4 Ng6 23. Nf5 Qc6 24. Bd2 Ne7 25. Nfg3 Bb6 26. Rc1 Ng6 27. Nf5 Rcd8 28. Qf3 Bxe4 29. Rxe4 Bc7 30. Qg2 Qf6 31. Qf3 Nh4 32. Nxh4 Qxh4 33. c4 dxc3 34. Rxc3 Bb6 35. Be3 Bxe3 36. Qxe3 f6 37. Rc6 h5 38. Rxa6 Rf8 39. Ra7 Rf7 40. Rxf7 Kxf7 41. Kg2 Kg8 42. Qf3 hxg4 43. Rxg4 Qh7 44. d4 e4 45. Qe3 f5 46. Rg5 1-0


[Site "https://www.chess.com"]

[Event "Titled Tuesday Blitz May 9 Late 2023"]
[White "Sarkar, Justin"]
[Black "Garcia Cuenca, Victor"]
[WhiteFideId "2010011"]
[BlackFideId "2250829"]
[WhiteElo "2168"]
[BlackElo "2329"]
[Result "0-1"]
[Round "03"]
[TimeControl "180+2"]
[Date "2023.05.09"]
[WhiteClock "0:00:00"]
[BlackClock "0:01:26"]

1. d4 d6 2. e4 c6 3. c4 g6 4. Nc3 Bg7 5. Be3 Nf6 6. f3 a6 7. a4 a5 8. Qd2 Na6 9. Bd3 Nb4 10. Bb1 e5 11. d5 O-O 12. Nge2 cxd5 13. cxd5 Nd7 14. Nb5 Nc5 15. Bxc5 dxc5 16. O-O Bd7 17. Nec3 c4 18. Ba2 Rc8 19. Na3 Qb6+ 20. Kh1 Qd4 21. Rad1 Qxd2 22. Rxd2 Bh6 23. Re2 Nxa2 24. Nxa2 Bxa4 25. Nc3 Bd7 0-1


[Site "https://www.chess.com"]

[Event "Titled Tuesday Blitz May 9 Late 2023"]
[White "ArtemDyachuk"]
[Black "Pavlidou, Ekaterini"]
[BlackFideId "4213262"]
[WhiteElo "2532"]
[BlackElo "2126"]
[Result "0-1"]
[Round "03"]
[TimeControl "180+2"]
[Date "2023.05.09"]
[WhiteClock "0:00:00"]
[BlackClock "0:00:01"]

1. e4 c5 2. Nf3 Nc6 3. d4 cxd4 4. Nxd4 e5 5. Nb5 d6 6. N1c3 a6 7. Na3 Be6 8. Bc4 b5 9. Bd5 Rc8 10. Nab1 Nd4 11. Be3 Qf6 12. O-O b4 13. Bxd4 exd4 14. Bxe6 fxe6 15. Ne2 e5 16. Qd3 Ne7 17. Nd2 d5 18. exd5 Nxd5 19. f4 exf4 20. Rae1 Be7 21. Ne4 Qh4 22. Qb3 Ne3 23. Nxf4 Nxf1 24. Nd6+ Kd8 25. Nf7+ Ke8 26. Nd6+ Kd8 27. Qd5 Ne3 28. Nf7+ Ke8 29. Nd6+ Kd8 30. Nb7+ Kc7 31. Qe5+ Kxb7 32. Qe4+ Rc6 33. g3 Qh3 34. Qxe7+ Rc7 35. Qxb4+ Ka8 36. Rxe3 dxe3 37. Qe4+ Rb7 38. Nd5 Rc8 39. Nb6+ Kb8 40. Qe5+ Rbc7 41. Qxe3 Qf5 42. Qb3 Qb5 0-1


[Site "https://www.chess.com"]

[Event "Titled Tuesday Blitz May 9 Late 2023"]
[White "Ankerst, Mihael"]
[Black "Sreyas Payyappat"]
[WhiteFideId "14602369"]
[BlackFideId "46674969"]
[WhiteElo "2334"]
[BlackElo "2043"]
[Result "0-1"]
[Round "03"]
[TimeControl "180+2"]
[Date "2023.05.09"]
[WhiteClock "0:00:00"]
[BlackClock "0:00:15"]

1. e4 c6 2. d4 d5 3. e5 Bf5 4. Nf3 e6 5. Be2 Ne7 6. O-O Ng6 7. Be3 Nd7 8. Nbd2 f6 9. exf6 gxf6 10. c4 Bd6 11. Qb3 Qc7 12. Rac1 Rg8 13. cxd5 exd5 14. Rfe1 O-O-O 15. Nf1 Be4 16. Ng3 Nf4 17. Bxf4 Bxf4 18. Rcd1 h5 19. Nxh5 Bxf3 20. Bxf3 Bxh2+ 21. Kf1 Rg5 22. Re7 Qd6 23. Rh7 Qe6 24. Re1 Qf5 25. Ree7 Bd6 26. Ref7 Qb1+ 27. Qd1 Qxb2 28. Nxf6 Nxf6 29. Rxf6 Qxa2 30. Rff7 Qa6+ 31. Be2 Qb6 32. Bg4+ Kb8 33. Bf3 Re8 34. g3 Qb4 35. Kg2 Qb2 36. Qd3 Rxg3+ 0-1


[Site "https://www.chess.com"]